 Dungeon Crawl Stone Soup version 0.31.0-12-g77e489cdc1 (webtiles) character file.

Game seed: 5061429258410249215

34 Gadfly the Covered (level 3, -4/23 HPs)
             Began as a Gargoyle Fighter on Mar 1, 2024.
             Slain by Terence
             ... wielding a +0 flail
              (7 damage)
             ... on level 2 of the Dungeon.
             The game lasted 00:00:54 (803 turns).

Gadfly the Covered (Gargoyle Fighter)                Turns: 803, Time: 00:00:55

Health: -4/23      AC: 10    Str: 19    XL:     3   Next: 31%
Magic:  3/3        EV:  9    Int:  8    God:
Gold:   74         SH:  5    Dex: 11    Spells: 2/2 levels left

rFire   . . .        a - +0 flail
rCold   . . .        c - +1 buckler
rNeg    + . .        b - +0 scale mail
rPois   ∞            (no helmet)
rElec   +            (no cloak)
rCorr   .            (no gloves)
SInv    .            (no boots)
Will    .....        (no amulet) Stlth
                     (no ring)
HPRegen 0.23/turn    (no ring)
MPRegen 0.08/turn

%: no passive effects
@: no status effects
A: sickness immunity, AC +3, negative energy resistance 1, electricity
resistance, torment resistance 1, petrification resistance
a: no special abilities


You were on level 2 of the Dungeon.
You visited 1 branch of the dungeon, and saw 2 of its levels.

You collected 74 gold pieces.

Inventory:

Hand Weapons
 a - a +0 flail (weapon)
Armour
 b - a +0 scale mail (worn)
 c - a +1 buckler (worn)
Scrolls
 e - a scroll of identify
 g - a scroll of revelation {unknown}
 h - a scroll of butterflies {unknown}
Potions
 d - a potion of might
 f - a potion of mutation {unknown}


   Skills:
 + Level 3.4 Fighting
 * Level 2.3 Maces & Flails
 + Level 3.5 Armour
 + Level 3.5 Shields
 * Level 1.3 Invocations
 * Level 0.9 Evocations


You had 2 spell levels left.
You didn't know any spells.
Your spell library contained the following spells:

 Spells                   Type           Power      Damage    Failure   Level
 Freeze                   Ice            0%         1d3       85%         1
 Frozen Ramparts          Ice            0%         1d1       99%         3
 Hailstorm                Conj/Ice       0%         3d5       99%         3


Dungeon Overview and Level Annotations

Branches:
Dungeon (2/15)

Altars:

Annotations:
D:2 Terence


Innate Abilities, Weirdness & Mutations

You are immune to sickness and miasma.
Your stone body is resilient. (AC +3)
You are immune to poison.
You resist negative energy. (rN+)
You are resistant to electric shocks. (rElec)
You are resistant to unholy torment.
You are immune to petrification.


Message History

Terence hits you with a +0 flail.
You barely miss Terence. Terence closely misses you.
You sock Terence!
Terence is heavily wounded.
Terence hits you but does no damage.
You barely miss Terence.
Terence is heavily wounded.
Terence hits you with a +0 flail. Terence hits you with a +0 flail!
You are too injured to fight recklessly!
You are too injured to fight recklessly!
You are too injured to fight recklessly!
You are too injured to fight recklessly!
You are too injured to fight recklessly!
You are too injured to fight recklessly!
You are too injured to fight recklessly!
You are too injured to fight recklessly!
You are too injured to fight recklessly!
You are too injured to fight recklessly!
You are too injured to fight recklessly!
You are too injured to fight recklessly!
You are too injured to fight recklessly!
You are too injured to fight recklessly!
You are too injured to fight recklessly!
You are too injured to fight recklessly!
You are too injured to fight recklessly!
You are too injured to fight recklessly!
You are too injured to fight recklessly!
Unknown command.
You barely miss Terence.
Terence is heavily wounded.
Terence misses you.
You hit Terence but do no damage.
Terence is heavily wounded.
Terence hits you with a +0 flail.
* * * LOW HITPOINT WARNING * * *
You closely miss Terence.
Terence is heavily wounded.
Terence closely misses you. Terence hits you with a +0 flail!
You die...
Terence says, "Time to find some more victims."

###.# #.....# #.#
##...## ##+# ##.##
##...# #.# #.....#
####.# .......## ##.##.#
........####...#.#######
........'...............
.......@####.....#######
......@## ##.####
#.....# #.# ##..[# #.#
##+# #.# #.# .#


You could see Terence.

Vanquished Creatures
  3 dart slugs (D:1)
  A bat (D:2)
  2 endoplasms
  2 goblins (D:1)
  3 hobgoblins
  A quokka (D:1)
  5 ball pythons
  A frilled lizard (D:1)
  4 kobolds
  5 rats
  A spectral goblin (D:1)
28 creatures vanquished.

Notes
Turn   | Place    | Note
-------+----------+-------------------------------------------
     0 | D:1      | Gadfly the Gargoyle Fighter began the quest for the Orb.
     0 | D:1      | Reached XP level 1. HP: 14/14 MP: 1/1
    49 | D:1      | Reached XP level 2. HP: 19/19 MP: 2/2
   110 | D:1      | Found a faded altar of an unknown god.
   210 | D:1      | Reached skill level 1 in Invocations
   259 | D:1      | Reached XP level 3. HP: 22/23 MP: 3/3
   794 | D:2      | Noticed Terence
   803 | D:2      | Slain by Terence

Illustrated notes

Levels and vault maps discovered:
D:1:      lemuel_arrival_funnel, layout_rooms,
          dreamdust_ecumenical_altar_drowned_temple,
          chequers_serial_rivers_micro_a
D:2:      layout_loops_corners, uniq_terence, uniq_jessica

Skill      XL: |  1  2 |
---------------+-------+-----
Invocations    | 1 |  1.3
Fighting       | |  3.4
Maces & Flails | |  2.3
Armour         | |  3.5
Shields        | |  3.5
Evocations     | |  0.9

Action                     || total
---------------------------++-------
  Melee: Flail             ||    99
    Use: Scroll            ||     3
 Armour: Scale mail        ||    75
  Dodge: Dodged            ||    52
  Block: Buckler           ||    29
